 Dungeon Crawl Stone Soup version 0.25-a0-558-g78a2afb0af (webtiles) character file.

Game seed: 8332987848071858907, levelgen mode: deterministic

8939 Gargoyl the Cleaver (level 11, -8/91 HPs)
             Began as a Centaur Abyssal Knight on Feb 25, 2020.
             Was an Elder of Lugonu.
             Mangled by an orc warrior
             ... wielding a +0 scimitar of protection
              (11 damage)
             ... on level 10 of the Dungeon.
             The game lasted 00:17:10 (11887 turns).

Gargoyl the Cleaver (Centaur Abyssal Knight)       Turns: 11887, Time: 00:17:11

Health: -8/91      AC: 19    Str: 16    XL:     11   Next: 16%
Magic:  16/16      EV:  6    Int: 16    God:    Lugonu [****..]
Gold:   670        SH:  4    Dex: 11    Spells: 10/10 levels left

rFire    + . .     SeeInvis .   F - +1 hand axe (elec)
rCold    . . .     Gourm    .   q - +1 buckler {rPois}
rNeg     . . .     Faith    .   e - +6 chain mail {rF+}
rPois    +         Spirit   .   f - +0 helmet
rElec    .         Reflect  .   (no cloak)
rCorr    .         Harm     .   x - +1 pair of gloves
MR       .....                  (no barding)
Stlth    ..........             (no amulet)
HPRegen  0.25/turn              n - ring of poison resistance
MPRegen  0.15/turn              v - +3 ring of intelligence

@: very quick
A: large, hooves 3, clever 1, deformed body, speed 2, tough skin 3, wild magic
1, evolution 1
a: Depart the Abyss, Bend Space, Banish, Corrupt, Renounce Religion


You were on level 10 of the Dungeon.
You worshipped Lugonu.
Lugonu was greatly pleased with you.
You were not hungry.

You visited 1 branch of the dungeon, and saw 10 of its levels.
You visited the Abyss 1 time.

You collected 670 gold pieces.

Inventory:

Hand Weapons
 a - a +3 hand axe
 u - a +2 falchion of holy wrath
 F - a +1 hand axe of electrocution (weapon)
 G - a +0 broad axe
Missiles
 d - 2 silver javelins (quivered)
Armour
 e - a +6 chain mail of fire resistance (worn)
 f - a +0 helmet (worn)
 q - a +1 buckler of poison resistance (worn)
 x - a +1 pair of gloves (worn)
Jewellery
 n - a ring of poison resistance (left hand)
 v - a +3 ring of intelligence (right hand)
Wands
 b - a wand of digging (5)
 g - a wand of enslavement (2)
 i - a wand of random effects (39)
 t - a wand of flame (17)
 z - a wand of disintegration (15)
 A - a wand of polymorph (12)
 I - a wand of acid (13)
 J - a wand of iceblast (7)
Scrolls
 h - 8 scrolls of teleportation
 k - 3 scrolls of blinking
 l - 5 scrolls of identify
 y - 2 scrolls of magic mapping
Potions
 j - a potion of brilliance
 m - a potion of stabbing
 p - 2 potions of curing
 r - a potion of haste
 s - 2 potions of magic
 w - a potion of degeneration {unknown}
 B - 2 potions of heal wounds
 C - 2 potions of ambrosia
 D - a potion of might
 E - a potion of lignification
 H - a potion of mutation
Comestibles
 c - 26 rations


   Skills:
 + Level 6.5 Fighting
 + Level 0.7 Long Blades
 + Level 8.5 Axes
 + Level 1.3 Throwing
 * Level 7.6 Armour
 * Level 5.0 Dodging
 + Level 1.0 Shields
 * Level 7.6 Invocations
 + Level 0.3 Evocations


You had 10 spell levels left.
You didn't know any spells.
Your spell library contained the following spells:

 Spells                   Type           Power        Failure   Level  Hunger
 Animate Skeleton         Necr           N/A          99%         1    ##.....
 Pain                     Necr           #...         99%         1    ##.....
 Vampiric Draining        Necr           #.........   100%        3    ####...
 Animate Dead             Necr           N/A          100%        4    #####..
 Agony                    Necr           #.......     100%        5    ######.


Dungeon Overview and Level Annotations

Branches:
Dungeon (10/15)            Temple (0/1) D:6             Orc (0/2) D:10
   Lair: D:8-11

Altars:
Cheibriados
Dithmenos
Gozag
Makhleb
Nemelex Xobeh
Trog
Wu Jian
Xom

Shops:
D:10 =%

Annotations:
D:3 1 runed translucent door
D:4 3 runed translucent doors, Aaksess's ghost, novice GnVM
D:5 1 runed translucent door


Innate Abilities, Weirdness & Mutations

You have hooves in place of feet.
Armour fits poorly on your strangely shaped body.
You cover ground very quickly.
You have extremely tough skin. (AC +3)
Your mind is acute. (Int +2)
Your spells are a little harder to cast, but a little more powerful.
You evolve.


Message History

Unknown command.
You closely miss the orc warrior. You kick the orc warrior.
The orc warrior is severely wounded.
You hit the orc warrior. You block the orc warrior's attack.
The orc warrior hits you with a +0 scimitar of protection!!
* * * LOW HITPOINT WARNING * * *
You hit the orc warrior.
Lightning courses through the orc warrior!
You kill the orc warrior!
Lugonu accepts your kill.
Your Shields skill increases to level 1!
You hit the orc warrior but do no damage.
Unknown command.
The orc warrior hits you with a +0 scimitar of protection!
* * * LOW HITPOINT WARNING * * *
Things that are here:
a +0 trident; a +0 chain mail; an orc corpse Unknown command.
The orc warrior hits you with a +0 scimitar of protection!
You die... #.....# Og.# # #.....# oog# .. #.....# goK#

...##.....## .o8
..'......###'###.#
#........o.....#
#..)..##########
####o####.#
#)@)...# ######'##
#...## #....#
#..#'# #..#∩##
##'############
#.............
#.#...#######.


You could see an orc warrior.

Vanquished Creatures
  Erolcha (D:10)
  A tengu warrior (D:8)
  Pikel (D:4)
  A manticore (D:9)
  Psyche (D:8)
  A troll (D:10)
  Grinder (D:3)
  A hippogriff (D:8)
  A spriggan (D:7)
  6 yaks (D:9)
  Eustachio (D:4)
  A steam dragon (D:7)
  2 insubstantial wisps (D:7)
  A soldier ant (D:5)
  A water moccasin (D:8)
  4 orc warriors
  2 ice beasts
  2 sky beasts (D:7)
  7 ogres
  2 centaurs
  A big kobold (D:10)
  4 bullfrogs
  The ghost of iroha the Ducker, an amateur SpGl (D:3)
  3 gnoll sergeants (D:10)
  3 scorpions
  A water moccasin skeleton (D:7)
  A killer bee (D:5)
  3 wights (D:8)
  A howler monkey (D:7)
  6 crimson imps
  A centaur zombie (D:5)
  2 hounds
  A jelly (D:6)
  A centaur skeleton (D:7)
  5 orc priests
  3 iron imps (D:7)
  2 bullfrog skeletons
  A gnoll shaman (D:4)
  5 iguanas
  Ijyb (D:3)
  10 worker ants
  5 orc wizards
  A killer bee zombie (D:5)
  4 worker ant zombies
  9 gnolls
  8 adders
  A howler monkey skeleton (D:5)
  2 river rats (D:3)
  2 oozes
  An adder skeleton (D:7)
  4 worms
  3 dart slugs
  5 leopard geckos
  22 orcs
  2 ball pythons (D:1)
  5 bats
  9 giant cockroaches
  6 goblins
  5 hobgoblins
  5 jackals
  3 quokkas
  2 frilled lizards
  4 kobolds
  2 quokka skeletons (D:4)
  7 rats
211 creatures vanquished.

Vanquished Creatures (others)
  A vampire (D:9)
  A slave (D:5)
  An orc warrior (D:7)
  A sky beast (D:7)
  A bullfrog (D:7)
  A howler monkey (D:5)
  A hound (D:5)
  A bullfrog skeleton (D:5)
  A gnoll (D:5)
  An orc (D:5)
10 creatures vanquished.

Grand Total: 221 creatures vanquished

Notes
Turn   | Place    | Note
-------+----------+-------------------------------------------
     0 | Abyss:1  | Gargoyl the Centaur Abyssal Knight began the quest for the
                  | Orb.
     0 | Abyss:1  | Reached XP level 1. HP: 19/19 MP: 2/2
    24 | Abyss:2  | Found a corrupted altar of Lugonu.
    69 | Abyss:2  | Noticed a small abomination
   140 | Abyss:3  | Noticed an ancient zyme
   149 | Abyss:3  | Noticed a large abomination
   163 | Abyss:3  | Noticed a chaos spawn
   164 | Abyss:3  | Noticed a large abomination
   172 | Abyss:3  | Noticed a freezing wraith
   173 | Abyss:3  | Noticed an efreet
   174 | D:1      | Escaped the Abyss
   537 | D:1      | Reached * piety under Lugonu
   539 | D:1      | Reached XP level 2. HP: 26/26 MP: 3/3
  1072 | D:2      | Reached skill level 2 in Axes
  1131 | D:2      | Reached XP level 3. HP: 22/31 MP: 4/4
  1235 | D:2      | Found a shimmering altar of Xom.
  1379 | D:2      | Reached skill level 1 in Dodging
  1495 | D:2      | Reached ** piety under Lugonu
  1495 | D:2      | Reached XP level 4. HP: 35/38 MP: 5/5
  1706 | D:3      | Noticed Grinder
  1723 | D:3      | Killed Grinder
  1723 | D:3      | Reached skill level 3 in Axes
  1723 | D:3      | Reached XP level 5. HP: 46/46 MP: 5/7
  1723 | D:3      | Reached XP level 6. HP: 52/52 MP: 5/8
  1872 | D:3      | Noticed Ijyb
  1919 | D:3      | Killed Ijyb
  2110 | D:3      | Found a runed translucent door.
  2110 | D:3      | Noticed iroha's ghost (amateur SpGl)
  2127 | D:3      | Reached skill level 4 in Axes
  2146 | D:3      | Killed iroha's ghost
  2155 | D:3      | Found a runed translucent door.
  2374 | D:3      | Found a faded altar of an unknown god.
  2735 | D:4      | Reached skill level 1 in Throwing
  2735 | D:4      | Reached XP level 7. HP: 54/58 MP: 9/9
  2795 | D:4      | Noticed Aaksess's ghost (novice GnVM)
  2797 | D:4      | Found a runed translucent gate.
  2797 | D:4      | Found a runed translucent gate.
  2797 | D:4      | Found a runed translucent gate.
  3158 | D:4      | Noticed Eustachio
  3202 | D:4      | Killed Eustachio
  3483 | D:4      | Found a sparkling altar of Nemelex Xobeh.
  3708 | D:5      | Entered Level 5 of the Dungeon
  3708 | D:5      | Noticed Pikel
  3732 | D:4      | Killed Pikel
  3732 | D:4      | Reached skill level 5 in Axes
  3732 | D:4      | Reached XP level 8. HP: 31/67 MP: 2/11
  4459 | D:5      | Found a runed translucent door.
  4467 | D:5      | Found a runed translucent door.
  4516 | D:5      | Reached *** piety under Lugonu
  4533 | D:5      | Reached skill level 6 in Axes
  5005 | D:6      | Found a shadowy altar of Dithmenos.
  5006 | D:6      | Found an ornate altar of the Wu Jian Council.
  5198 | D:6      | Reached XP level 9. HP: 72/72 MP: 12/12
  5220 | D:6      | Found a staircase to the Ecumenical Temple.
  5250 | D:6      | Found a bloodstained altar of Trog.
  5264 | D:6      | Reached skill level 5 in Invocations
  5276 | D:6      | Reached skill level 5 in Armour
  5653 | D:7      | Reached skill level 5 in Fighting
  6040 | D:7      | Reached skill level 7 in Axes
  6698 | D:7      | Found a burning altar of Makhleb.
  7588 | D:7      | Reached XP level 10. HP: 79/81 MP: 12/14
  7602 | D:7      | Gained mutation: You possess an exceptional clarity of
                  | mind. [potion of mutation]
  7602 | D:7      | Gained mutation: You are clumsy. (Dex -2) [potion of
                  | mutation]
  7602 | D:7      | Gained mutation: Your spells are a little harder to cast,
                  | but a little more powerful. [potion of mutation]
  7707 | D:8      | Noticed Psyche
  7735 | D:8      | Killed Psyche
  7735 | D:8      | Reached **** piety under Lugonu
  7987 | D:8      | Found an opulent altar of Gozag.
  8590 | D:8      | Lost mutation: Your spells are a little harder to cast, but
                  | a little more powerful. [potion of mutation]
  8590 | D:8      | Lost mutation: You are clumsy. (Dex -2) [potion of
                  | mutation]
  8590 | D:8      | Lost mutation: You possess an exceptional clarity of mind.
                  | [potion of mutation]
  8590 | D:8      | Gained mutation: You evolve. [potion of mutation]
  8590 | D:8      | Gained mutation: Your spells are a little harder to cast,
                  | but a little more powerful. [potion of mutation]
  8990 | D:9      | Noticed a manticore
  8990 | D:9      | Noticed a tengu warrior
  9037 | D:8      | Killed a tengu warrior
  9037 | D:8      | Reached skill level 8 in Axes
  9240 | D:9      | Killed a manticore
  9819 | D:9      | Gained mutation: Your mind is acute. (Int +2) [evolution]
 10055 | D:9      | Found a snail-covered altar of Cheibriados.
 10411 | D:10     | Entered Level 10 of the Dungeon
 10415 | D:10     | Noticed Erolcha
 10929 | D:10     | Killed Erolcha
 10929 | D:10     | Reached skill level 5 in Dodging
 10929 | D:10     | Reached XP level 11. HP: 63/91 MP: 16/16
 11046 | D:10     | Found Quck's Jewellery Shop.
 11102 | D:10     | Found Umargh's Food Boutique.
 11132 | D:10     | Found a staircase to the Orcish Mines.
 11885 | D:10     | Reached skill level 1 in Shields
 11886 | D:10     | HP: 3/91 [orc warrior/+0 scimitar of protection (8)]
 11887 | D:10     | Mangled by an orc warrior

Levels and vault maps discovered:
D:1:      minmay_arrival_glassed_features, layout_loops_ring,
          minmay_tromino_mix6
D:2:      layout_rooms, lemuel_crystal_altar, serial_park_tiny_1
D:3:      layout_loops_ring, ebering_ghost_sewer_f,
          chequers_ecumenical_altar_grove, uniq_ijyb, uniq_grinder
D:4:      layout_cave_pools, old_standard_altar, first_ration,
          gammafunk_ghost_split, serial_glass, glass_columns_c, glass_columns_b,
          item_on_display_a, minmay_strange_pillars, uniq_eustachio
D:5:      lemuel_insect_pit, layout_cave_pools, uniq_pikel
D:6:      minmay_angry_zag, layout_rooms, old_standard_altar, minitemple,
          minmay_temple_entry_mist
D:7:      layout_basic, demons_altar, the_bakery, hangedman_misty_isle
D:8:      layout_cave_pods, grunt_gozag_statues, uniq_psyche
D:9:      layout_gridville, nicolae_overflow_crystal_walls, kb_rosetta
D:10:     layout_basic, erik_lair_orcish_takeover,
          kennysheep_orc_monster_closet_entryway, serial_shops, kennysheep_mini,
          kennysheep_little_box, nicolae_shop_window_shopping, uniq_grum,
          uniq_erolcha, uniq_joseph

Skill      XL: |  1  2  3  4  5  6  7  8  9 10 11 |
---------------+----------------------------------+-----
Axes           | 2 3 4 5 6 7 8 |  8.5
Dodging        | 1 2 3 4 5 |  5.0
Armour         | 2 4 5 7 |  7.6
Invocations    | 3 4 6 7 |  7.6
Throwing       | 1 |  1.3
Fighting       | 4 5 6 |  6.5
Shields        | 1 |  1.0
Long Blades    | |  0.7
Evocations     | |  0.3

Action                   |  1- 3 |  4- 6 |  7- 9 | 10-12 || total
-------------------------+-------+-------+-------+-------++-------
Melee: Hand axe          |   114 |   100 |   517 |   310 ||  1041
       Kick              |    15 |    15 |   113 |    93 ||   236
       Unarmed           |       |    25 |       |       ||    25
       Falchion          |       |       |       |    27 ||    27
Throw: Javelin           |       |     3 |     9 |       ||    12
Invok: Depart the Abyss  |     1 |       |       |       ||     1
       Banish            |       |       |     1 |     2 ||     3
Evoke: Wand              |     5 |       |       |       ||     5
  Use: Scroll            |     9 |     7 |     3 |     9 ||    28
       Potion            |     1 |     2 |     5 |     2 ||    10
  Eat: Chunk             |     1 |     3 |    15 |    10 ||    29
       Ration            |       |       |       |     1 ||     1
Armor: Chain mail        |    91 |    68 |   483 |   294 ||   936
Dodge: Dodged            |    33 |    35 |   150 |   105 ||   323
Block: Buckler           |       |       |       |    32 ||    32

Table legend:
 A = Non-vault XP
 B = Vault XP
 C = Vault XP percentage of total XP
 D = Non-vault monster count
 E = Vault monster count
 F = Vault count percentage of total count
                 A         B        C        D         E       F
            +---------+---------+-------+---------+---------+-------
      Total |    5460 |    7311 |  57.2 |     159 |      56 |  26.0
            +---------+---------+-------+---------+---------+-------
        D:1 |      15 |       6 |  28.6 |      10 |       3 |  23.1
        D:2 |      77 |       0 |   0.0 |      23 |       0 |   0.0
        D:3 |      92 |     529 |  85.2 |      13 |       8 |  38.1
        D:4 |     193 |     820 |  80.9 |      16 |       2 |  11.1
        D:5 |     345 |     389 |  53.0 |      11 |      11 |  50.0
        D:6 |     774 |     124 |  13.8 |      16 |       4 |  20.0
        D:7 |    1075 |    1102 |  50.6 |      26 |      10 |  27.8
        D:8 |    1120 |    1277 |  53.3 |      22 |       2 |   8.3
        D:9 |    1769 |     717 |  28.8 |      22 |       2 |   8.3
       D:10 |       0 |    2347 | 100.0 |       0 |      14 | 100.0
            +---------+---------+-------+---------+---------+-------
